Map: Apotheosis LE

Players

Cezaro

  • Race: Zerg Zerg
  • League: Platinum
  • Spawn Location: 11:00

Fropez - Winner!

  • Race: Protoss Protoss
  • League: Gold
  • Spawn Location: 5:00

VOD

Have the link to the VOD?

Description

Time

  • Played on: Nov. 19, 2016, 10:58 a.m.
  • Length: 18:22
Show
View Real Time Build Order
Export as new Build Order

Cezaro Zerg 

Build Orders: Pool First 

Get SALT Encoding   

  12  0:01  Drone  
  13  0:13  Overlord  
  13  0:22  Drone  
  14  0:40  Spawning Pool  
  13  0:52  Drone  
  13  0:53  Drone  
  15  1:10  Hatchery  
  14  1:27  Queen  
  14  1:32  Extractor, Drone x2  
  17  1:35  Drone  
  18  1:52  Zergling x2  
  19  2:11  Zergling x4  
  21  2:19  Overlord  
  21  2:27  Queen  
  21  2:29  Drone  
  24  2:33  Zergling x2  
  25  2:47  Extractor  
  25  2:49  Drone  
  25  2:50  Drone x3  
  28  2:53  Drone x2  
  30  2:59  Drone  
  30  3:01  Overlord  
  31  3:22  Zergling x8  
  31  3:25  Metabolic Boost  
  35  3:30  Drone  
  35  3:31  Drone x2  
  38  3:53  Drone x3  
  41  3:57  Overlord  
  41  3:59  Lair  
  41  4:05  Drone  
  42  4:13  Roach Warren  
  42  4:15  Evolution Chamber  
  40  4:17  Spore Crawler  
  40  4:19  Drone x4  
  40  4:20  Drone  
  44  4:33  Drone x4  
  44  4:35  Extractor  
  44  4:37  Extractor  
  46  4:42  Zerg Missile Weapons Level 1  
  46  4:54  Roach x3  
  46  4:58  Spore Crawler  
  51  5:00  Drone  
  51  5:01  Overlord  
  51  5:02  Overlord  
  44  5:36  Drone x6  
  50  5:49  Glial Reconstitution  
  50  5:51  Roach x2  
  50  5:52  Roach x3  
  53  6:22  Roach  
  53  6:23  Roach  
  53  6:24  Roach x2  
  53  6:25  Roach x3  
  61  6:33  Drone x4  
  59  6:49  Drone  
  59  6:50  Drone x3  
  63  6:58  Spine Crawler  
  63  7:00  Spine Crawler, Drone  
  62  7:03  Drone x4  
  66  7:14  Drone  
  67  7:20  Spine Crawler  
  66  7:22  Spine Crawler  
  61  7:41  Ravager  
  61  7:43  Ravager  
  63  7:45  Ravager  
  63  7:46  Ravager x4  
  68  7:51  Overlord x3  
  68  7:52  Overlord  
  68  8:12  Hatchery  
  65  8:25  Ravager  
  63  8:29  Roach  
  63  8:30  Roach x5  
  63  8:33  Zerg Melee Weapons Level 1  
  75  8:34  Zergling x2  
  75  8:35  Zergling x10  
  75  8:40  Hydralisk Den  
  74  9:21  Drone  
  74  9:22  Drone x4  
  79  9:26  Drone x3  
  79  9:27  Overlord  
  79  9:30  Muscular Augments  
  82  9:34  Hydralisk  
  82  9:35  Queen  
  82  9:37  Drone x2  
  88  9:42  Hydralisk x3  
  94  9:52  Overseer  
  94  9:54  Hydralisk x5  
  104  10:12  Drone x3  
  107  10:16  Spore Crawler  
  107  10:20  Spine Crawler  
  105  10:28  Hydralisk x4  
  105  10:30  Overlord x2  
  105  10:31  Overlord  
  113  10:37  Zerg Ground Armor Level 1  
  113  10:41  Drone  
  114  10:56  Spire  
  113  11:08  Drone x5  
  118  11:11  Extractor  
  118  11:13  Extractor  
  115  11:38  Hydralisk  
  115  11:39  Hydralisk x8  
  125  11:44  Overlord x2  
  125  11:45  Overlord  
  129  12:10  Hydralisk x5  
  135  12:31  Hatchery  
  135  12:33  Infestation Pit  
  133  12:48  Zerg Missile Weapons Level 2  
  133  12:55  Drone x4  
  133  12:56  Drone x2  
  139  13:11  Hive  
  139  13:12  Corruptor x6  
  145  13:15  Overseer  
  151  13:22  Pneumatized Carapace  
  151  13:24  Overlord x2  
  151  13:33  Drone  
  151  13:34  Drone x4  
  154  13:49  Roach x2  
  154  13:51  Roach x4  
  154  13:52  Roach x2  
  170  13:59  Roach x3  
  143  14:20  Queen  
  121  14:44  Zergling x6  
  124  14:52  Greater Spire  
  124  14:57  Zergling x8  
  124  14:58  Zergling x10  
  133  15:02  Zergling x2  
  133  15:03  Zergling x6  
  125  16:04  Hydralisk x4  
  124  16:05  Hydralisk x2  
  124  16:08  Roach x7  
  124  16:09  Roach  
  152  16:13  Brood Lord x6  
  161  16:41  Queen  
  161  16:43  Drone x3  
  166  16:50  Spine Crawler  
  166  16:52  Spine Crawler  
  166  16:53  Spine Crawler  
  163  17:25  Extractor, Hatchery  
Show
View Real Time Build Order
Export as new Build Order

Fropez Protoss - Winner!

Build Orders:  

Get SALT Encoding   

  12  0:01  Probe (Chrono Boost)  
  13  0:11  Probe (Chrono Boost)  
  14  0:21  Pylon  
  14  0:23  Probe (Chrono Boost)  
  15  0:31  Assimilator  
  15  0:39  Probe (Chrono Boost)  
  16  0:44  Gateway  
  16  0:49  Probe (Chrono Boost)  
  17  1:03  Probe (Chrono Boost), Gateway  
  18  1:14  Probe (Chrono Boost), Assimilator  
  19  1:31  Cybernetics Core  
  20  1:32  Probe (Chrono Boost)  
  20  1:43  Probe (Chrono Boost)  
  21  2:06  Nexus  
  21  2:13  Pylon  
  21  2:17  Adept  
  23  2:26  Warp Gate (Chrono Boost)  
  23  2:31  Adept  
  23  2:32  Mothership Core  
  27  2:47  Gateway  
  27  2:58  Gateway  
  27  2:59  Probe  
  28  3:08  Pylon  
  28  3:11  Probe  
  28  3:29  Adept x2  
  28  3:32  Gateway  
  32  3:44  Probe  
  32  3:45  Probe, Assimilator  
  34  4:03  Twilight Council, Probe  
  34  4:08  Probe  
  34  4:09  Pylon  
  36  4:16  Adept x2  
  40  4:17  Probe  
  40  4:21  Probe  
  42  4:29  Adept  
  42  4:31  Probe  
  45  4:35  Adept, Probe  
  48  4:47  Probe  
  48  4:48  Pylon, Probe  
  50  4:53  Resonating Glaives (Chrono Boost)  
  50  4:57  Adept  
  52  5:02  Probe  
  52  5:03  Probe  
  54  5:16  Adept x2  
  54  5:17  Adept  
  59  5:25  Probe  
  56  5:54  Probe  
  56  5:55  Probe  
  58  5:58  Robotics Facility  
  42  6:42  Stalker x4  
  42  6:45  Charge (Chrono Boost), Immortal (Chrono Boost)  
  52  6:47  Probe x2  
  52  6:49  Assimilator  
  54  7:01  Probe x2  
  56  7:02  Forge  
  56  7:06  Pylon  
  56  7:15  Probe x2  
  58  7:19  Warp Prism (Chrono Boost)  
  60  7:29  Zealot x2  
  64  7:30  Zealot x3  
  68  7:40  Probe x2  
  68  7:43  Protoss Ground Weapons Level 1 (Chrono Boost)  
  70  7:52  Templar Archives  
  70  7:59  Pylon  
  70  8:07  Probe x2  
  68  8:19  Probe x2  
  68  8:21  Stalker x5  
  76  8:31  Probe x2  
  76  8:32  Pylon  
  78  8:42  Photon Cannon  
  78  8:45  Photon Cannon  
  78  8:50  Probe  
  78  8:55  Adept, Pylon  
  77  8:56  Adept x2  
  77  9:05  Stalker x2  
  77  9:08  Probe x2  
  83  9:17  Zealot x2  
  83  9:18  Zealot  
  83  9:20  Probe  
  90  9:27  Probe  
  91  9:32  Probe  
  92  9:39  Probe  
  92  9:40  Pylon  
  93  9:53  Immortal  
  93  9:58  High Templar x2  
  101  10:03  Pylon  
  101  10:07  Probe  
  101  10:08  Pylon, Protoss Ground Weapons Level 2 (Chrono Boost)  
  102  10:15  Pylon  
  102  10:21  Probe  
  102  10:23  Nexus  
  102  10:24  Archon  
  103  10:35  Pylon  
  103  10:45  Zealot x4  
  103  10:46  Zealot  
  113  10:53  Probe x2  
  115  10:57  Gateway  
  115  11:04  Gateway  
  115  11:08  Probe  
  115  11:10  Photon Cannon  
  116  11:17  Zealot x2  
  120  11:22  Adept  
  120  11:25  Adept  
  124  11:29  Adept  
  126  11:36  Immortal  
  126  11:38  Probe  
  126  11:39  Probe x2  
  133  11:50  Adept x4  
  127  12:20  Zealot x5  
  137  12:24  Assimilator  
  137  12:27  Assimilator  
  137  12:30  Pylon  
  137  12:38  Probe  
  137  12:39  Probe x2, Gateway  
  137  12:41  Photon Cannon  
  137  12:42  Psionic Storm  
  136  12:44  Pylon  
  136  12:50  High Templar x6  
  148  12:53  Nexus  
  148  12:55  Assimilator  
  148  12:56  Protoss Shields Level 1  
  148  13:00  Assimilator  
  148  13:01  Archon  
  148  13:02  Archon x2  
  148  13:26  Zealot x5  
  158  13:27  Zealot  
  130  14:23  Probe  
  116  14:24  Probe  
  116  14:25  Probe x2  
  114  14:33  Zealot x4  
  114  14:34  Zealot x3  
  126  14:40  Probe  
  126  14:42  Probe  
  128  14:47  Photon Cannon  
  128  14:49  Pylon  
  128  14:56  Probe  
  128  14:58  Probe x2, Photon Cannon  
  131  15:01  Gateway  
  131  15:02  Pylon  
  131  15:05  Pylon  
  131  15:06  Pylon  
  131  15:09  Pylon x2  
  131  15:10  High Templar x6  
  131  15:11  High Templar  
  145  15:36  Gateway  
  145  15:39  Gateway  
  145  15:44  Zealot x5  
  145  15:45  Zealot x2  
  152  16:18  High Templar x3  
  154  16:19  High Templar x6  
  170  16:38  Nexus, Photon Cannon  
  170  16:42  Assimilator, Photon Cannon  
  170  16:43  Photon Cannon  
  170  16:45  Assimilator  
  170  16:49  Pylon, Photon Cannon  
  170  16:52  Pylon  
  170  16:53  Photon Cannon  
  170  16:57  Zealot x3  
  170  16:58  Zealot x5  
  170  16:59  Pylon, Zealot  
  188  17:01  Pylon  
  188  17:23  Photon Cannon  
  188  17:27  Photon Cannon  
  187  17:30  High Templar x2  
  187  17:31  High Templar x4  
  185  17:52  Archon  
  185  17:53  Archon x2  
  185  17:54  Archon  
  185  17:56  Stalker x4  
  161  18:11  Stalker  
  161  18:12  Stalker x5  
  161  18:13  Stalker  
Tags
 
Matchup
PvZ
Opening
Pool First
Replay Pack
All Mines
Spawn Locations
Cross Positions
Add a new tag
Caveats
  • Supply blocks, unpowered buildings, or Contaminate may cause inaccurate times.
  • Supply counts are checked every 10 seconds.